 Dungeon Crawl Stone Soup version 0.22-a0-776-ge6d7efa (webtiles) character file.

661 Hebeh the Conjurer (level 7, -3/36 HPs)
             Began as a Deep Elf Fire Elementalist on July 18, 2018.
             Killed from afar by an orc wizard (7 damage)
             ... with a puff of flame
             ... on level 5 of the Dungeon.
             The game lasted 00:21:48 (5633 turns).

Hebeh the Conjurer (Deep Elf Fire Elementalist)     Turns: 5633, Time: 00:21:49

Health: -3/36      AC:  4    Str:  5    XL:     7   Next: 30%
Magic:  1/18       EV: 13    Int: 24    God:
Gold:   297        SH:  0    Dex: 15    Spells: 12/18 levels left

rFire    . . .     SeeInvis .   b - +0 hunting sling
rCold    . . .     Gourm    .   (no shield)
rNeg     . . .     Faith    .   r - +1 robe
rPois    .         Spirit   .   (no helmet)
rElec    .         Reflect  .   (no cloak)
rCorr    .         Harm     .   (no gloves)
MR       .....                  s - +0 pair of boots
Stlth    +++.......             (no amulet)
HPRegen  0.12/turn              o - ring of stealth
MPRegen  0.16/turn              q - +2 ring of intelligence

@: no status effects
A: no striking features
a: no special abilities


You were on level 5 of the Dungeon.
You were not hungry.

You visited 1 branch of the dungeon, and saw 5 of its levels.

You collected 297 gold pieces.

Inventory:

Hand Weapons
 a - a +2 dagger of draining
 b - a +0 hunting sling (weapon)
Missiles
 f - 59 bolts
 g - 165 stones (quivered)
 m - 16 sling bullets
 n - a throwing net
 v - 7 javelins
 y - 2 tomahawks
Armour
 r - a +1 robe (worn)
 s - a +0 pair of boots (worn)
Jewellery
 o - a ring of stealth (left hand)
 q - a +2 ring of intelligence (right hand)
Wands
 t - a wand of paralysis (22)
 w - a wand of polymorph (6)
 C - a wand of random effects (28)
Scrolls
 h - a scroll of teleportation
 j - 3 scrolls of remove curse
 l - 3 scrolls of identify
 p - a scroll of fog {unknown}
 D - a scroll of noise {unknown}
Potions
 d - 3 potions of agility {unknown}
 e - 5 potions of heal wounds {unknown}
 i - a potion of flight {unknown}
 k - 2 potions of cancellation {unknown}
 u - a potion of brilliance {unknown}
 z - a potion of lignification {unknown}
 A - a potion of berserk rage {unknown}
 B - 4 potions of curing {unknown}
Comestibles
 c - 10 rations
 x - a chunk of flesh


   Skills:
 - Level 2.4 Dodging
 - Level 2.4 Stealth
 + Level 6.0 Spellcasting
 * Level 6.2 Conjurations
 + Level 5.4 Fire Magic


You had 12 spell levels left.
You knew the following spells:

 Your Spells              Type           Power        Failure   Level  Hunger
a - Flame Tongue          Conj/Fire      #####        1%          1    None
b - Throw Flame           Conj/Fire      #####.       1%          2    None
c - Conjure Flame         Conj/Fire      #####...     2%          3    #......

Your spell library contained the following spells:

 Spells                   Type           Power        Failure   Level  Hunger
 Fireball                 Conj/Fire      #####.....   21%         5    #####..
 Sticky Flame             Conj/Fire      #####...     8%          4    ###....
 Inner Flame              Hex/Fire       ###.....     8%          3    #......


Dungeon Overview and Level Annotations

Branches:
Dungeon (5/15)
 Temple: D:4-7

Altars:
Dithmenos
Hepliaklqana
Makhleb
Qazlal

Shops:
D:4 =

Annotations:
D:3 1 runed door, Hebeh's ghost, amateur DEFE


Message History

Aim: an orc wizard, wielding a dagger and wearing a robe (moderately wounded)
The flame tongue hits the orc wizard.
The orc wizard is almost dead.
The orc wizard casts a spell.
The orc wizard flickers and vanishes!
A puff of frost appears from out of thin air!
The puff of frost hits something.
Reactivating autopickup.
Your Spellcasting skill increases to level 6!
You feel a bit more experienced.
Casting: Flame Tongue (safe; 1% risk of failure)
Confirm with . or Enter, or press ? or * to list all spells.
Aiming: Flame Tongue (safe; 1% risk of failure)
Press: ? - help, Shift-Dir - straight line Something hits you but does no damage.
Deactivating autopickup; reactivate with Ctrl-A.
You hear some strange, mumbled words.
A puff of flame appears from out of thin air!
The puff of flame hits you!
You die...

#.# ###............#
#..
###.....#.......##
#.##.....####.....##
#.......## ####### #
##....### ## #...##
##. #..###### ##..
#.......#### ###...
##.#.@....... ......
##{###########
#...... ##.##
#...... ##.##
##...... ##.##
##....... ##.## ##
##........ ####.##
#.##.<.......
##.#.o#
##............
###....###
#∩_........<..


There were no monsters in sight!

Vanquished Creatures
  A phantom (D:5)
  2 ogres (D:4)
  A water moccasin skeleton (D:4)
  A hound (D:5)
  An orc priest (D:5)
  Natasha (thrice) (D:4)
  A worker ant (D:5)
  8 adders
  An ooze (D:2)
  An adder skeleton (D:3)
  A worm (D:2)
  2 dart slugs (D:2)
  3 leopard geckos
  4 orcs
  3 giant cockroaches
  12 goblins
  3 hobgoblins
  10 jackals
  6 kobolds
  2 ball pythons
  11 bats
  3 frilled lizards
  A quokka skeleton (D:4)
  3 rats
84 creatures vanquished.

Vanquished Creatures (others)
  An orc wizard (D:5)
1 creature vanquished.

Grand Total: 85 creatures vanquished

Notes
Turn   | Place    | Note
-------+----------+-------------------------------------------
     0 | D:1      | Hebeh the Deep Elf Fire Elementalist began the quest for the Orb.
     0 | D:1      | Reached XP level 1. HP: 10/10 MP: 6/6
   494 | D:1      | Reached XP level 2. HP: 15/15 MP: 6/8
  1119 | D:1      | Reached XP level 3. HP: 18/19 MP: 6/10
  1863 | D:2      | Learned a level 2 spell: Throw Flame
  1863 | D:2      | Reached XP level 4. HP: 24/24 MP: 9/11
  1868 | D:2      | Learned a level 3 spell: Conjure Flame
  1982 | D:2      | Found a shadowy altar of Dithmenos.
  1994 | D:2      | You fall through a shaft!
  2013 | D:3      | Noticed Hebeh's ghost (amateur DEFE)
  2437 | D:3      | Found a runed door.
  2737 | D:2      | Found a faded altar of an unknown god.
  3560 | D:4      | Found Liodylug's Jewellery Shop.
  3580 | D:4      | Reached XP level 5. HP: 28/28 MP: 9/13
  3608 | D:4      | Found a stormy altar of Qazlal.
  3619 | D:4      | Found a hazy altar of Hepliaklqana.
  4084 | D:4      | Noticed Natasha
  4092 | D:4      | Killed Natasha
  4213 | D:4      | Noticed Natasha
  4215 | D:4      | Noticed an ogre
  4217 | D:4      | Killed Natasha
  4223 | D:4      | Killed an ogre
  4223 | D:4      | Reached skill level 5 in Spellcasting
  4223 | D:4      | Reached XP level 6. HP: 4/32 MP: 5/15
  4558 | D:4      | Reached skill level 5 in Conjurations
  4895 | D:4      | Noticed Natasha
  4900 | D:4      | Killed Natasha
  4960 | D:4      | Reached skill level 5 in Fire Magic
  5071 | D:5      | Entered Level 5 of the Dungeon
  5081 | D:5      | Found a burning altar of Makhleb.
  5536 | D:5      | Reached XP level 7. HP: 36/36 MP: 2/17
  5633 | D:5      | Killed from afar by an orc wizard

Vault maps used:
D:1:      erik_arrival_cave_to_civilisation, kennysheep_another_room
D:2:      nicolae_dithmenos_through_a_glass_darkly,
          chequers_ecumenical_altar_twisty, minivault_24
D:3:      first_ration, hellmonk_ghost_happy_afterlife
D:4:      minitemple, serial_shops, nicolae_shop_waterfront, uniq_natasha
D:5:      makhleb_heckhound_becter

Skill      XL: |  1  2  3  4  5  6  7 |
---------------+----------------------+-----
Conjurations   | 2 3 4 6 |  6.2
Spellcasting   | 4 5 6 |  6.0
Fire Magic     | 4 5 |  5.4
Dodging        | |  2.4
Stealth        | |  2.4

Action                   |  1- 3 |  4- 6 |  7- 9 || total
-------------------------+-------+-------+-------++-------
Melee: Dagger            |     1 |     3 |       ||     4
 Fire: Hunting sling     |       |    28 |       ||    28
Throw: Stone             |    52 |       |       ||    52
       Javelin           |       |     3 |       ||     3
 Cast: Flame Tongue      |    47 |    76 |    11 ||   134
       Throw Flame       |       |    25 |     1 ||    26
       Conjure Flame     |       |     2 |     1 ||     3
  Use: Scroll            |       |     7 |       ||     7
  Eat: Chunk             |     3 |    10 |     1 ||    14
Armor: Robe              |     5 |     4 |     1 ||    10
Dodge: Dodged            |    25 |    42 |       ||    67

Table legend:
 A = Spawn XP
 B = Non-spawn XP
 C = Spawn XP percentage of total XP
 D = Spawn monster count
 E = Non-spawn monster count
 F = Spawn count percentage of total count
 G = Total turns spent on level
                    A         B        C        D         E        F      G
               +---------+---------+-------+---------+---------+-------+---------
         Total |       0 |     945 |   0.0 |       0 |      85 |   0.0 |  5633
               +---------+---------+-------+---------+---------+-------+---------
           D:1 |       0 |      44 |   0.0 |       0 |      24 |   0.0 |  1404
           D:2 |       0 |     102 |   0.0 |       0 |      24 |   0.0 |  1333
           D:3 |       0 |      36 |   0.0 |       0 |      13 |   0.0 |   776
           D:4 |       0 |     440 |   0.0 |       0 |      15 |   0.0 |  1558
           D:5 |       0 |     323 |   0.0 |       0 |       9 |   0.0 |   562
               +---------+---------+-------+---------+---------+-------+---------
